 Dungeon Crawl Stone Soup version 0.30.1-4-g462c640d31 (webtiles) character file.

Game seed: 2336017588507336087

184 croobank the Sneak (level 5, -1/35 (41) HPs)
             Began as a Demonspawn Delver on Sept 6, 2023.
             Was a Believer of Cheibriados.
             Slain by an orc warrior
             ... wielding a +0 short sword
              (3 damage)
             ... on level 4 of the Dungeon.
             The game lasted 00:17:03 (4066 turns).

croobank the Sneak (Demonspawn Delver)              Turns: 4066, Time: 00:17:04

HP:   -1/35 (41)    AC:  1    Str: 16 (17) XL:     5   Next: 36%
MP:   4/7           EV: 12    Int: 20 (21) God:    Cheibriados [**....]
Gold: 287           SH:  4    Dex: 16 (18) Spells: 5/7 levels left

rFire   . . .        z - +1 short sword (protect)
rCold   . . .        (no shield)
rNeg    . . .        b - +0 leather armour
rPois   .            (helmet restricted)
rElec   .            r - +1 cloak
rCorr   .            (no gloves)
SInv    .            (no boots)
Will    .....        (no amulet)
Stlth   +++          j - +6 ring of intelligence
HPRegen 0.25/turn    (no ring)
MPRegen 0.10/turn

%: random rage (3%)
@: corroded, heavily drained, very slow
A: antennae 2, powered by death 1, condensation shield, berserk 1, dopey 1,
screaming 1
a: Renounce Religion, Bend Time


You were on level 4 of the Dungeon.
You worshipped Cheibriados.
Cheibriados was pleased with you.
You visited 1 branch of the dungeon, and saw 6 of its levels.

You collected 287 gold pieces.

Inventory:

Hand Weapons
 i - a +0 long sword
 k - a +0 rapier
 n - a +2 antimagic short sword
 y - a +0 falchion
 z - a +1 short sword of protection (weapon)
Missiles
 u - 2 boomerangs (quivered)
 x - 2 poisoned darts
Armour
 a - a +3 scale mail
 b - a +0 leather armour (worn)
 f - a +0 ring mail
 r - a +1 cloak (worn)
Jewellery
 h - the ring of Jotzeuci {rC- rN+ Str+7}
   (You found it on level 2 of the Dungeon)

   [ring of positive energy]

   Str:       It affects your strength (+7).
   rC:        It makes you vulnerable to cold.
   rN:        It protects you from negative energy.
 j - a +6 ring of intelligence (left hand)
Wands
 e - a wand of flame (6)
 g - a wand of digging (3)
Scrolls
 c - a scroll of fog
 d - 3 scrolls of poison
Potions
 l - a potion of flight
 s - a potion of ambrosia
 t - a potion of attraction


   Skills:
 - Level 3.5 Fighting
 - Level 2.4 Short Blades
 - Level 2.4 Dodging
 - Level 4.9 Stealth
 + Level 1.6 Spellcasting
 + Level 1.5 Hexes
 + Level 1.7 Ice Magic


You had 5 spell levels left.
You knew the following spells:

 Your Spells              Type           Power      Damage    Failure   Level
a - Ensorcelled Hibernat  Hex/Ice        16%        N/A       16%         2

Your spell library contained the following spells:

 Spells                   Type           Power      Damage    Failure   Level
 Passwall                 Tmut/Erth      0%         N/A       30%         2
 Scorch                   Fire           2%         2d5       30%         2
 Frozen Ramparts          Ice            16%        1d3       30%         3
 Ozocubu's Armour         Ice            8%         N/A       30%         3
 Stone Arrow              Conj/Erth      2%         3d7       52%         3
 Swiftness                Air            1%         N/A       52%         3
 Ice Form                 Ice/Tmut       5%         N/A       80%         4
 Summon Ice Beast         Ice/Summ       5%         N/A       80%         4
 Animate Armour           Summ/Erth      2%         N/A       89%         4
 Flame Wave               Conj/Fire      1%         2d4       89%         4
 Metabolic Englaciation   Hex/Ice        4%         N/A       96%         5
 Simulacrum               Ice/Necr       2%         N/A       100%        6
 Summon Cactus Giant      Summ           0%         N/A       100%        6
 Lehudib's Crystal Spear  Conj/Erth      0%         10d2      100%        8


Dungeon Overview and Level Annotations

Branches:
Dungeon (6/15)
 Temple: D:4-7

Altars:
Cheibriados
Wu Jian

Shops:
D:3 (

Annotations:
D:3 3 runed translucent doors, Fractals's ghost, amateur HuTm; Terence
D:5 Eustachio


Innate Abilities, Weirdness & Mutations

You have a pair of antennae on your head.
You regenerate a little health from kills.
A meltable shield of frost defends you. (SH +4)
You sometimes lose your temper in combat.
You are dopey. (Int -2)
You occasionally shout uncontrollably at your foes.


Message History

Found a potion of haste.
Found a stone staircase leading up.
A jelly comes into view.
Found an escape hatch in the floor.
Found a potion of haste.
The helpless ball python fails to defend itself.
You impale the ball python!!
Your weapon exudes an aura of protection.
You kill the ball python!
Cheibriados appreciates the change of pace.
The helpless jelly fails to defend itself.
You puncture the jelly! The acid corrodes you!
Your hands burn!
The jelly is almost dead.
Aiming: Throw Flame
Press: ? - help, Shift-Dir - straight line, f - jelly
Aim: a jelly (almost dead, 100% to hit)
The puff of flame hits the jelly.
You kill the jelly!
Cheibriados thoroughly appreciates the change of pace.
The orc warrior shouts!
You feel your intelligence returning.
The orc warrior attacks as you move away!
The orc warrior hits you with a +0 short sword!
Aiming: Throw Flame
Press: ? - help, Shift-Dir - straight line, f - orc warrior
Aim: an orc warrior, wielding a +0 short sword and wearing a +0 chain mail (64% to hit)
The puff of flame hits the orc warrior.
The orc warrior is lightly wounded.
The orc warrior hits you with a +0 short sword!
* * * LOW HITPOINT WARNING * * *
You fail to use your ability.
You block the orc warrior's attack. The flow of time bends around you.
Cheibriados rebukes the orc warrior.
The orc warrior seems to slow down.
The orc warrior hits you with a +0 short sword!
* * * LOW HITPOINT WARNING * * *
As you read the scroll labelled ZEGGOTR XETSIC, it crumbles to dust.
It is a scroll of enchant armour.
Your +0 cloak glows green for a moment.
The orc warrior hits you with a +0 short sword.
You die...

#...####.#.#............#*
###.####.#.#....#.##.##.#
....#......###..#.......#
...........#...........#*
#####.##.#.#.#.##.#..#.#
.....................#!#
#####,###..#...........#
.# *,*,...#.........### .#
*,,,...##...@o#...!# .#
*,,,,...<.##.##o##.# .#
*,,,,.....*#.....*.# .#
*,,,,....{,.....>#,#
.#***,,,,,,,,,##.....#,*
h#*,,,,,,,,,,,*#.##..#,*
†#,,*~,,*,,**,*#.#*..#,*
#...~~~~~,,,,,,..#*,.#,*
*.#~~~~~~~*,,****,,,,,,*


You could see an orc warrior (slow).

Vanquished Creatures
  A hound (D:4)
  A gnoll bouda (D:4)
  A jelly (D:4)
  3 adders
  2 worms (D:2)
  A dart slug (D:3)
  3 orcs (D:4)
  8 endoplasms
  4 giant cockroaches
  3 goblins
  8 hobgoblins
  2 quokkas
  5 ball pythons
  6 bats
  A frilled lizard (D:1)
  6 kobolds
  5 rats
60 creatures vanquished.

Notes
Turn   | Place    | Note
-------+----------+-------------------------------------------
     0 | D:5      | croobank the Demonspawn Delver began the quest for the Orb.
     0 | D:5      | Reached XP level 1. HP: 18/18 MP: 1/1
   117 | D:5      | Gained mutation: You have a pair of small antennae on your
                  | head. [demonic ancestry]
   117 | D:5      | Reached XP level 2. HP: 13/24 MP: 2/2
   208 | D:3      | Found an ornate altar of the Wu Jian Council.
   210 | D:3      | Found a faded altar of an unknown god.
   340 | D:4      | Noticed a black bear
   350 | D:3      | Noticed an orc warrior
   352 | D:3      | Noticed Fractals's ghost (amateur HuTm)
   365 | D:3      | Found a runed translucent gate.
   365 | D:3      | Found a runed translucent gate.
   367 | D:3      | Found a runed translucent gate.
   566 | D:3      | Noticed Terence
   673 | D:3      | Found Naivif's Antique Weapon Shoppe.
   706 | D:3      | Reached XP level 3. HP: 10/29 MP: 3/3
   821 | D:2      | Identified the ring of Jotzeuci {rC- rN+ Str+7}
  1211 | D:1      | Found a faded altar of an unknown god.
  1432 | D:1      | Prayed at the altar of an unknown god.
  1432 | D:1      | Became a worshipper of Cheibriados the Contemplative
  1432 | D:1      | Reached * piety under Cheibriados
  1796 | D:1      | Gained mutation: You regenerate a little health from kills.
                  | [demonic ancestry]
  1796 | D:1      | Reached XP level 4. HP: 35/35 MP: 4/4
  3172 | D:3      | Reached ** piety under Cheibriados
  3183 | D:3      | Learned a level 2 spell: Ensorcelled Hibernation
  3507 | D:3      | Gained mutation: You sometimes lose your temper in combat.
                  | [potion of mutation]
  3507 | D:3      | Gained mutation: You occasionally shout uncontrollably at
                  | your foes. [potion of mutation]
  3507 | D:3      | Gained mutation: You are dopey. (Int -2) [potion of
                  | mutation]
  3507 | D:3      | Gained mutation: You have a pair of antennae on your head.
                  | [potion of mutation]
  3755 | D:4      | Noticed an orc warrior
  3864 | D:5      | Noticed Eustachio
  3878 | D:4      | Reached skill level 1 in Spellcasting
  3878 | D:4      | Reached skill level 1 in Ice Magic
  3955 | D:4      | Reached skill level 1 in Hexes
  3955 | D:4      | Gained mutation: A meltable shield of frost defends you.
                  | (SH +4) [demonic ancestry]
  3955 | D:4      | Reached XP level 5. HP: 9/33 MP: 5/7
  4066 | D:4      | Slain by an orc warrior

Illustrated notes

Levels and vault maps discovered:
D:1:      dpeg_arrival_arbitrary_a, layout_basic,
          hellmonk_ecumenical_altar_lost_god, serial_bayou_lake_a
D:2:      layout_basic, kennysheep_flooded_box, nicolae_eternal_life
D:3:      layout_basic, nicolae_overflow_ecumenical_swirl,
          gammafunk_ghost_split, serial_shops, shop, roderic_lattice_a,
          dreamdust_princess_corridor, uniq_terence
D:4:      layout_basic, cheibrodos_sewer_entry_drain,
          chequers_serial_rivers_room_b, grunt_decor_clamped,
          minmay_misc_feat_ornament, kennysheep_generic_room_15
D:5:      minmay_clustersquares, layout_loops_corners, old_standard_altar,
          minmay_temple_entry_trees, minmay_hollow_rounded_squares,
          uniq_eustachio
D:6:      layout_basic, dk_rats_in_the_wall

Skill      XL: |  1  2  3  4 |
---------------+-------------+-----
Short Blades   | 2 |  2.4
Dodging        | 2 |  2.4
Spellcasting   | 1 |  1.6
Ice Magic      | 1 |  1.7
Hexes          | 1 |  1.5
Fighting       | |  3.5
Stealth        | |  4.9

Action                     |  1- 3 |  4- 6 || total
---------------------------+-------+-------++-------
  Melee: Short sword       |   176 |   125 ||   301
         Punch             |     1 |     1 ||     2
  Throw: Boomerang         |       |     2 ||     2
   Cast: Ensorcelled Hiber |       |     2 ||     2
 Invoke: Bend Time         |       |     2 ||     2
  Evoke: Wand              |       |     9 ||     9
    Use: Potion            |     5 |     5 ||    10
         Scroll            |     3 |     9 ||    12
   Stab: Sleeping          |     7 |     4 ||    11
 Armour: Leather armour    |    43 |    47 ||    90
  Dodge: Dodged            |   105 |    87 ||   192
  Block: Other             |       |     1 ||     1
